[Event "94th FRA-ch Veterans 2019"]
[Site "Chartres"]
[Date "2019.08.17"]
[Round "1.1"]
[White "Vareille, Francois"]
[Black "Shakessi, Hossein"]
[Result "1-0"]
[ECO "B06"]
[WhiteElo "2423"]
[BlackElo "1609"]
[Annotator "NA"]
[PlyCount "43"]
[EventDate "2019.08.17"]
[EventType "swiss"]
[EventCountry "FRA"]
[SourceTitle "playchess.com"]
[Source "ChessBase"]
[SourceQuality "1"]
[TimeControl "40/5400+30:1800+30"]

1. d4 g6 2. e4 Bg7 3. c3 c5 4. dxc5 Qc7 5. Be3 Nf6 6. f3 O-O 7. Qd2 Nc6 8. c4 b6 9. cxb6 axb6 10. Nc3 Ba6 11. Rc1 e6 12. Nh3 d5 13. cxd5 exd5 14. Nxd5 Qe5 15. Bxa6 Nxd5 16. exd5 Nb4 17. Bc4 Rfd8 18. Nf4 b5 19. Bb3 Bh6 20. Kf2 Qxb2 21. Qxb2 Bxf4 22. Rhd1 1-0

[Event "94th FRA-ch Veterans 2019"]
[Site "Chartres"]
[Date "2019.08.17"]
[Round "1.2"]
[White "Renault, Jean-Pierre"]
[Black "Goldenberg, Richard"]
[Result "0-1"]
[ECO "A41"]
[WhiteElo "1607"]
[BlackElo "2219"]
[Annotator "NA"]
[PlyCount "70"]
[EventDate "2019.08.17"]
[EventType "swiss"]
[EventCountry "FRA"]
[SourceTitle "playchess.com"]
[Source "ChessBase"]
[SourceQuality "1"]
[TimeControl "40/5400+30:1800+30"]

1. d4 g6 2. c4 Bg7 3. e4 d6 4. Be3 c5 5. Ne2 Nf6 6. f3 b6 7. Nbc3 O-O 8. g3 Nc6 9. Bg2 e5 10. d5 Nd4 11. O-O a6 12. Qd2 b5 13. b3 Rb8 14. Bh6 bxc4 15. bxc4 Qa5 16. Bxg7 Kxg7 17. Rfd1 Bd7 18. Nxd4 cxd4 19. Ne2 Qc5 20. Kh1 Rb4 21. Rab1 Rfb8 22. Rxb4 Rxb4 23. Rc1 Rxc4 24. Rxc4 Qxc4 25. g4 Bb5 26. Bf1 h6 27. h4 Qa4 28. Ng3 Qa3 29. Bg2 Qc3 30. Qf2 Qc1+ 31. Kh2 Qf4 32. Kg1 h5 33. gxh5 Nxh5 34. Nxh5+ gxh5 35. Qe1 d3 0-1

[Event "94th FRA-ch Veterans 2019"]
[Site "Chartres"]
[Date "2019.08.17"]
[Round "1.3"]
[White "Large, Laurent"]
[Black "Barat, Jacques"]
[Result "1-0"]
[ECO "C55"]
[WhiteElo "2183"]
[BlackElo "1599"]
[Annotator "NA"]
[PlyCount "85"]
[EventDate "2019.08.17"]
[EventType "swiss"]
[EventCountry "FRA"]
[SourceTitle "playchess.com"]
[Source "ChessBase"]
[SourceQuality "1"]
[TimeControl "40/5400+30:1800+30"]

1. e4 e5 2. Bc4 Nf6 3. d3 Be7 4. Nf3 d6 5. O-O O-O 6. h3 h6 7. c3 Nc6 8. b4 a6 9. Re1 b5 10. Bb3 Bb7 11. a3 a5 12. Bb2 Kh7 13. Nbd2 Qd7 14. Bc2 Kh8 15. Nf1 Nh7 16. Ng3 Ng5 17. Nf5 a4 18. d4 Nxf3+ 19. Qxf3 Rae8 20. Rad1 f6 21. Bd3 Ba6 22. Qg4 Bd8 23. Bb1 Bc8 24. Ba2 g5 25. Nxh6 Qxg4 26. hxg4 Kg7 27. Nf5+ Kg6 28. f3 Rh8 29. Kf2 Rh7 30. Rh1 Reh8 31. Rxh7 Rxh7 32. Rc1 Ne7 33. dxe5 fxe5 34. Rd1 Nxf5 35. gxf5+ Kf6 36. Bc1 Bb7 37. c4 g4 38. cxb5 gxf3 39. Kxf3 Rh4 40. Bd5 Bc8 41. Be3 Bd7 42. Bc6 Bc8 43. b6 1-0

[Event "94th FRA-ch Veterans 2019"]
[Site "Chartres"]
[Date "2019.08.17"]
[Round "1.4"]
[White "Berne, Christian"]
[Black "Daurelle, Herve"]
[Result "0-1"]
[ECO "D02"]
[WhiteElo "1599"]
[BlackElo "2179"]
[Annotator "NA"]
[PlyCount "98"]
[EventDate "2019.08.17"]
[EventType "swiss"]
[EventCountry "FRA"]
[SourceTitle "playchess.com"]
[Source "ChessBase"]
[SourceQuality "1"]
[TimeControl "40/5400+30:1800+30"]

1. d4 Nf6 2. Bf4 c5 3. c3 e6 4. e3 d5 5. Nf3 Bd6 6. Bg3 Qc7 7. Bd3 Nbd7 8. Na3 a6 9. Nc2 e5 10. dxe5 Nxe5 11. Nxe5 Bxe5 12. f4 Bd6 13. O-O Bg4 14. Be2 Bxe2 15. Qxe2 O-O 16. Rad1 Rad8 17. Ne1 Rfe8 18. Qf3 Be7 19. Bh4 Ne4 20. Bxe7 Qxe7 21. g3 Nf6 22. Ng2 Rd7 23. Rfe1 Qd8 24. Re2 h6 25. Ne1 b6 26. Nd3 Rd6 27. h4 Ne4 28. Ne5 Nxg3 29. Qxg3 Rxe5 30. fxe5 Rg6 31. Qxg6 fxg6 32. Red2 Qxh4 33. Rxd5 Qg3+ 34. Kh1 Qh3+ 35. Kg1 Qxe3+ 36. Kg2 g5 37. Rd8+ Kh7 38. R1d5 g4 39. R8d6 Qf3+ 40. Kg1 g3 41. Rd2 Qe3+ 42. Kg2 Qxe5 43. R6d3 Qe1 44. c4 h5 45. Rd5 h4 46. Kh3 Qh1+ 47. Kg4 g2 48. Rh5+ Kg8 49. Rd8+ Kf7 0-1

[Event "94th FRA-ch Veterans 2019"]
[Site "Chartres"]
[Date "2019.08.17"]
[Round "1.5"]
[White "Dussol, Pierre"]
[Black "Vantet, Pascale"]
[Result "1-0"]
[ECO "C41"]
[WhiteElo "2102"]
[BlackElo "1589"]
[Annotator "NA"]
[PlyCount "29"]
[EventDate "2019.08.17"]
[EventType "swiss"]
[EventCountry "FRA"]
[SourceTitle "playchess.com"]
[Source "ChessBase"]
[SourceQuality "1"]
[TimeControl "40/5400+30:1800+30"]

1. e4 e5 2. Nf3 d6 3. d4 Bg4 4. dxe5 Bxf3 5. Qxf3 dxe5 6. Bc4 Qf6 7. Qb3 b6 8. Nc3 Ne7 9. Be3 Nd7 10. O-O-O c6 11. h4 h6 12. g4 g5 13. hxg5 hxg5 14. Rxh8 Qxh8 15. Bxf7+ 1-0

[Event "94th FRA-ch Veterans 2019"]
[Site "Chartres"]
[Date "2019.08.17"]
[Round "1.6"]
[White "Duval, Michel"]
[Black "Ribaud-Chevrey, Philippe"]
[Result "0-1"]
[ECO "B84"]
[WhiteElo "1585"]
[BlackElo "2038"]
[Annotator "NA"]
[PlyCount "90"]
[EventDate "2019.08.17"]
[EventType "swiss"]
[EventCountry "FRA"]
[SourceTitle "playchess.com"]
[Source "ChessBase"]
[SourceQuality "1"]
[TimeControl "40/5400+30:1800+30"]

1. e4 c5 2. Nf3 e6 3. d4 cxd4 4. Nxd4 a6 5. Nc3 Qc7 6. a3 Nf6 7. Be2 d6 8. O-O Be7 9. Be3 b5 10. Bf3 Bb7 11. Re1 Nbd7 12. Rc1 Ne5 13. Bd2 O-O 14. h3 Rac8 15. Nb1 Rfd8 16. Bc3 d5 17. exd5 Nxf3+ 18. Nxf3 Bxd5 19. Qe2 Bc4 20. Qe3 Nd5 21. Qe5 Nxc3 22. Qxc7 Ne2+ 23. Rxe2 Rxc7 24. Rd2 Rdc8 25. c3 Bf6 26. Re1 Bd5 27. Ne5 Rb8 28. Ng4 Be7 29. Ne3 Bb3 30. Rde2 e5 31. Ng4 f6 32. Nd2 Bf7 33. Ne3 Rd8 34. Nf3 Rcd7 35. Kf1 Bc5 36. Kg1 g6 37. Kh2 e4 38. Ng1 f5 39. f3 Re8 40. f4 Red8 41. g3 Rd2 42. Nc2 Bc4 43. Nd4 Bxd4 44. cxd4 Bxe2 45. Rxe2 R8xd4 0-1

[Event "94th FRA-ch Veterans 2019"]
[Site "Chartres"]
[Date "2019.08.18"]
[Round "2.1"]
[White "Riols, Jacques"]
[Black "Vareille, Francois"]
[Result "0-1"]
[ECO "B34"]
[WhiteElo "1803"]
[BlackElo "2423"]
[Annotator "ChessBase"]
[PlyCount "50"]
[EventDate "2019.08.17"]
[EventType "swiss"]
[EventCountry "FRA"]
[SourceTitle "playchess.com"]
[Source "ChessBase"]
[SourceQuality "1"]
[TimeControl "40/5400+30:1800+30"]

1. e4 c5 2. Nf3 g6 3. d4 cxd4 4. c3 Bg7 5. Nxd4 Nc6 6. Be3 Nf6 7. Qc2 Ng4 8. Qd2 Nxe3 9. fxe3 O-O 10. Bc4 Qc7 11. Bb3 Ne5 12. O-O Ng4 13. Nf3 Bh6 14. Qe2 Qc5 15. Nd4 d6 16. Na3 Nxe3 17. Rxf7 Rxf7 18. Qf3 d5 19. Qg3 Bf4 20. Qh4 g5 21. Qe1 e5 22. g3 exd4 23. gxf4 dxc3 24. Kh1 cxb2 25. Rb1 Rxf4 0-1

[Event "94th FRA-ch Veterans 2019"]
[Site "Chartres"]
[Date "2019.08.18"]
[Round "2.2"]
[White "Goldenberg, Richard"]
[Black "Andrieu, Philippe"]
[Result "1-0"]
[ECO "A39"]
[WhiteElo "2219"]
[BlackElo "1776"]
[Annotator "NA"]
[PlyCount "67"]
[EventDate "2019.08.17"]
[EventType "swiss"]
[EventCountry "FRA"]
[SourceTitle "playchess.com"]
[Source "ChessBase"]
[SourceQuality "1"]
[TimeControl "40/5400+30:1800+30"]

1. Nf3 c5 2. c4 g6 3. Nc3 Bg7 4. g3 Nc6 5. Bg2 Nf6 6. d4 cxd4 7. Nxd4 O-O 8. O-O Nxd4 9. Qxd4 d6 10. Qd3 Nd7 11. b3 Ne5 {[%emt 0:07:45] A39: Symmetrical English vs ...g6: 4 Bg2 Bg7 5 Nf3 Nf6 6 0-0 0-0 7 d4} (11... Nc5 12. Qd2 Rb8 13. Bb2 b6 14. b4 Nd7 15. Nd5 Bxb2 16. Qxb2 Bb7 17. Rfd1 e6 18. Ne3 Bxg2 19. Kxg2 Qc7 20. Qd4 {1-0 (48) Melkumyan,H (2632)-Arkell,K (2499) London 2015}) 12. Qd2 Rb8 13. Bb2 Bd7 14. Nd5 Bc6 15. Rad1 e6 $146 ({Predecessor:} 15... Re8 16. Bd4 e6 17. Nc3 Bxg2 18. Kxg2 a6 19. h3 {1-0 (29) Bouton,C (2016)-Auger,B (1935) Quebec 2018}) 16. Ne3 Bxg2 17. Kxg2 Nc6 18. Bxg7 Kxg7 19. Qxd6 Qa5 $16 20. Qd2 Qh5 21. Qb2+ Kg8 22. h3 e5 23. Ng4 f5 24. Nxe5 Nxe5 25. Qxe5 Rbe8 26. Qd5+ Rf7 27. e3 Kg7 28. Rd2 Qg5 29. Qd4+ Kh6 30. Rfd1 Re4 31. Qd8 Qh5 32. Rd7 Rxd7 33. Rxd7 f4 34. Qf8+ 1-0

[Event "94th FRA-ch Veterans 2019"]
[Site "Chartres"]
[Date "2019.08.18"]
[Round "2.3"]
[White "Koenig, Joel"]
[Black "Large, Laurent"]
[Result "0-1"]
[ECO "D00"]
[WhiteElo "1778"]
[BlackElo "2183"]
[Annotator "NA"]
[PlyCount "54"]
[EventDate "2019.08.17"]
[EventType "swiss"]
[EventCountry "FRA"]
[SourceTitle "playchess.com"]
[Source "ChessBase"]
[SourceQuality "1"]
[TimeControl "40/5400+30:1800+30"]

1. d4 d5 2. Bf4 e6 3. e3 Bd6 4. Bg3 Ne7 5. Bd3 Nf5 6. Nd2 $11 Nxg3 7. hxg3 h6 8. Qg4 Qf6 9. c3 Nc6 10. Qh4 g5 11. Qh5 e5 12. dxe5 Nxe5 13. Be2 Bf5 14. g4 Bg6 15. Qh3 O-O-O 16. Ngf3 Kb8 17. Nxe5 Bxe5 18. Bf3 Qb6 19. Nb3 c5 20. O-O h5 21. gxh5 f5 22. g4 Bxh5 23. gxh5 g4 24. Qh1 gxf3 25. Qxf3 Rdg8+ 26. Kh1 Rg5 27. Rg1 Rhxh5+ 0-1

[Event "94th FRA-ch Veterans 2019"]
[Site "Chartres"]
[Date "2019.08.18"]
[Round "2.4"]
[White "Daurelle, Herve"]
[Black "Hodot, Yves"]
[Result "1-0"]
[ECO "C06"]
[WhiteElo "2179"]
[BlackElo "1760"]
[Annotator "NA"]
[PlyCount "41"]
[EventDate "2019.08.17"]
[EventType "swiss"]
[EventCountry "FRA"]
[SourceTitle "playchess.com"]
[Source "ChessBase"]
[SourceQuality "1"]
[TimeControl "40/5400+30:1800+30"]

1. e4 e6 2. d4 d5 3. Nd2 Nf6 4. e5 Nfd7 5. c3 c5 6. Bd3 Nc6 7. Ne2 cxd4 8. cxd4 f6 9. exf6 e5 10. dxe5 Ndxe5 11. f7+ Kxf7 12. Bb1 $11 Bd6 13. O-O Qf6 14. Ng3 g6 15. Nde4 Qe7 16. Qxd5+ Be6 17. Qxd6 Rhd8 18. Qxe7+ Nxe7 19. Ng5+ Kf6 20. N3e4+ Kf5 21. Nc5+ 1-0

[Event "94th FRA-ch Veterans 2019"]
[Site "Chartres"]
[Date "2019.08.18"]
[Round "2.5"]
[White "Peyrin, Jean"]
[Black "Dussol, Pierre"]
[Result "0-1"]
[ECO "A59"]
[WhiteElo "1763"]
[BlackElo "2102"]
[Annotator "NA"]
[PlyCount "59"]
[EventDate "2019.08.17"]
[EventType "swiss"]
[EventCountry "FRA"]
[SourceTitle "playchess.com"]
[Source "ChessBase"]
[SourceQuality "1"]
[TimeControl "40/5400+30:1800+30"]

1. d4 Nf6 2. c4 c5 3. d5 b5 4. cxb5 a6 5. bxa6 Bxa6 6. Nc3 g6 7. e4 Bxf1 8. Kxf1 d6 9. g3 Bg7 10. Kg2 O-O 11. Nf3 Nbd7 12. h3 Qb6 13. Re1 Ne8 14. Re2 Nc7 15. Bf4 c4 16. Rc2 Nc5 17. Qe2 Nd3 18. Be3 Qa6 19. Bd4 e5 20. dxe6 Nxe6 21. Nd5 Bxd4 22. Qd2 Bg7 23. h4 Rfb8 24. h5 Rxb2 25. hxg6 hxg6 26. Rxb2 Nxb2 27. e5 Nd3 28. a4 dxe5 29. a5 e4 30. Ng5 0-1

[Event "94th FRA-ch Veterans 2019"]
[Site "Chartres"]
[Date "2019.08.18"]
[Round "2.6"]
[White "Ribaud-Chevrey, Philippe"]
[Black "Danzanvilliers, Patrice"]
[Result "1/2-1/2"]
[ECO "B02"]
[WhiteElo "2038"]
[BlackElo "1736"]
[Annotator "NA"]
[PlyCount "97"]
[EventDate "2019.08.17"]
[EventType "swiss"]
[EventCountry "FRA"]
[SourceTitle "playchess.com"]
[Source "ChessBase"]
[SourceQuality "1"]
[TimeControl "40/5400+30:1800+30"]

1. Nc3 d5 2. e4 Nf6 3. exd5 Nxd5 4. Bc4 e6 5. d4 Be7 6. Nf3 O-O 7. O-O b6 8. Qe2 Bb7 9. Ne4 a5 10. c3 Ba6 11. Bxa6 Rxa6 12. Ne5 Ra7 13. Rd1 Qe8 14. f4 Nc6 15. Nd3 Nf6 16. Nxf6+ Bxf6 17. Re1 Qd7 18. Be3 Ne7 19. Rad1 c6 20. Ne5 Qc7 21. Ng4 Nd5 22. c4 Nxe3 23. Nxf6+ gxf6 24. Qxe3 Kh8 25. f5 exf5 26. Qh6 Qd6 27. Re3 Rg8 28. Red3 Rg6 29. Qd2 Re7 30. d5 Qc5+ 31. Qf2 Re2 32. Qxc5 Rgxg2+ 33. Kf1 bxc5 34. Rf3 cxd5 35. Rxd5 Rxb2 36. Rdxf5 Rxh2 37. Kg1 Rbg2+ 38. Kf1 Rxa2 39. Kg1 Rag2+ 40. Kf1 Rc2 41. Kg1 Rhg2+ 42. Kf1 Rg5 43. Rxf6 Rxc4 44. Rxf7 h5 45. Ra7 a4 46. Rf8+ Rg8 47. Rff7 Rg5 48. Rf8+ Rg8 49. Rf3 1/2-1/2

[Event "94th FRA-ch Veterans 2019"]
[Site "Chartres"]
[Date "2019.08.19"]
[Round "3.1"]
[White "Vareille, Francois"]
[Black "Ladisic, Alex-Sacha"]
[Result "1-0"]
[ECO "A54"]
[WhiteElo "2423"]
[BlackElo "1943"]
[Annotator "NA"]
[PlyCount "71"]
[EventDate "2019.08.17"]
[EventType "swiss"]
[EventCountry "FRA"]
[SourceTitle "playchess.com"]
[Source "ChessBase"]
[SourceQuality "1"]
[TimeControl "40/5400+30:1800+30"]

1. d4 Nf6 2. Nf3 d6 3. c4 Nc6 4. Nc3 e5 5. g3 Bg4 6. Bg2 Qc8 7. O-O Bh3 8. Nd5 Bxg2 9. Nxf6+ gxf6 10. Kxg2 Bg7 11. dxe5 fxe5 12. e4 O-O 13. Nh4 Ne7 14. g4 Qe6 15. b3 Ng6 16. Nf5 Rfd8 17. Qd5 c6 18. Qd3 Rd7 19. Be3 Rad8 20. Rac1 d5 21. cxd5 cxd5 22. exd5 Rxd5 23. Qe4 R5d7 24. Rc4 b6 25. Bg5 Re8 26. Rfc1 Bf8 27. Rc6 Qd5 28. Qxd5 Rxd5 29. Rc8 Rxc8 30. Rxc8 Rd7 31. h4 f6 32. Bxf6 Kf7 33. Bg5 Bc5 34. h5 Nf4+ 35. Kf3 Ne6 36. Nh6+ 1-0

[Event "94th FRA-ch Veterans 2019"]
[Site "Chartres"]
[Date "2019.08.19"]
[Round "3.2"]
[White "Delseny, Serge"]
[Black "Goldenberg, Richard"]
[Result "0-1"]
[ECO "B00"]
[WhiteElo "1915"]
[BlackElo "2219"]
[Annotator "NA"]
[PlyCount "76"]
[EventDate "2019.08.17"]
[EventType "swiss"]
[EventCountry "FRA"]
[SourceTitle "playchess.com"]
[Source "ChessBase"]
[SourceQuality "1"]
[TimeControl "40/5400+30:1800+30"]

1. Nf3 b6 2. e4 Bb7 3. Nc3 e6 4. d4 Bb4 5. Bd3 Nf6 6. Qe2 d5 7. exd5 Qxd5 8. O-O Bxc3 9. bxc3 O-O 10. Re1 Nbd7 11. c4 Qh5 12. Ng5 Qxe2 13. Bxe2 Rfd8 14. Bf3 Bxf3 15. Nxf3 c5 16. Bg5 cxd4 17. Nxd4 Rac8 18. Nb5 Rxc4 19. Nxa7 Rxc2 20. Rec1 Rxc1+ 21. Rxc1 h6 22. Bxf6 Nxf6 23. Rc8 Rxc8 24. Nxc8 Nd5 25. Kf1 Kf8 26. Ke1 Ke8 27. Nd6+ Ke7 28. Nb5 Kd7 29. Nd4 Kd6 30. Kd2 Kc5 31. Nf3 Kb4 32. Ne5 f6 33. Nd3+ Ka3 34. Nc1 Kb2 35. a4 Ka3 36. Ne2 Kxa4 37. Nd4 Nc7 38. Kc3 Nb5+ 0-1

[Event "94th FRA-ch Veterans 2019"]
[Site "Chartres"]
[Date "2019.08.19"]
[Round "3.3"]
[White "Large, Laurent"]
[Black "Delmas-Goyon, Francois"]
[Result "1/2-1/2"]
[ECO "D05"]
[WhiteElo "2183"]
[BlackElo "1926"]
[Annotator "NA"]
[PlyCount "96"]
[EventDate "2019.08.17"]
[EventType "swiss"]
[EventCountry "FRA"]
[SourceTitle "playchess.com"]
[Source "ChessBase"]
[SourceQuality "1"]
[TimeControl "40/5400+30:1800+30"]

1. d4 Nf6 2. Nf3 e6 3. e3 b6 4. Bd3 Bb7 5. Nbd2 d5 6. O-O Nbd7 7. Re1 Be7 8. c4 O-O 9. b3 c5 10. Qc2 cxd4 11. exd4 Rc8 12. Ne5 h6 13. Qd1 Bb4 14. Bb2 Nxe5 15. Rxe5 Bd6 16. Re1 Bb8 17. Rc1 Qd6 18. Nf1 dxc4 19. bxc4 Qf4 20. Qe2 Rfd8 21. Rcd1 Ng4 22. Bc1 Qxd4 23. Bh7+ Kxh7 24. Rxd4 Rxd4 25. h3 Ne5 26. Ne3 Nxc4 27. Rd1 Nxe3 28. Bxe3 Rd5 29. Rxd5 Bxd5 30. a3 Rc4 31. Qb2 Bd6 32. Qb5 Bxa3 33. Qa6 Bd6 34. Qxa7 Rb4 35. Kf1 Rb1+ 36. Ke2 Kg6 37. h4 h5 38. Qa4 Rb2+ 39. Kd3 Rb3+ 40. Kc2 Be5 41. g4 b5 42. gxh5+ Kxh5 43. Qa7 Rc3+ 44. Kd2 Rc7 45. Qb6 Rd7 46. Ke2 Bc4+ 47. Kf3 Kxh4 48. Qc5 Bd5+ 1/2-1/2

[Event "94th FRA-ch Veterans 2019"]
[Site "Chartres"]
[Date "2019.08.19"]
[Round "3.4"]
[White "Seknadje-Askenazi, Jose"]
[Black "Daurelle, Herve"]
[Result "1/2-1/2"]
[ECO "B88"]
[WhiteElo "1894"]
[BlackElo "2179"]
[Annotator "NA"]
[PlyCount "73"]
[EventDate "2019.08.17"]
[EventType "swiss"]
[EventCountry "FRA"]
[SourceTitle "playchess.com"]
[Source "ChessBase"]
[SourceQuality "1"]
[TimeControl "40/5400+30:1800+30"]

1. e4 c5 2. Nf3 d6 3. d4 cxd4 4. Nxd4 Nf6 5. Nc3 Bd7 6. Bc4 Nc6 7. O-O e6 8. Be3 Be7 9. f3 O-O 10. a3 a6 11. Qe2 Ne5 12. Bb3 Rc8 13. Rfd1 Qc7 14. h3 Nc4 15. Bxc4 Qxc4 16. Rd3 Rfd8 17. f4 Be8 18. Rf1 d5 19. exd5 Nxd5 20. Nxd5 Rxd5 21. Qg4 h5 22. Qg3 Rcd8 23. Rfd1 Bf6 24. Qf2 g6 25. b3 Qc8 26. c4 R5d7 27. Qe2 e5 28. fxe5 Bxe5 29. Nf3 Rxd3 30. Rxd3 Rxd3 31. Qxd3 Bg7 32. Bd4 Qd8 33. Qe3 Bc6 34. Ne5 Qe8 35. Qf4 g5 36. Qh2 f6 37. Qf4 1/2-1/2

[Event "94th FRA-ch Veterans 2019"]
[Site "Chartres"]
[Date "2019.08.19"]
[Round "3.5"]
[White "Dussol, Pierre"]
[Black "Canovas, Eric"]
[Result "1-0"]
[ECO "B48"]
[WhiteElo "2102"]
[BlackElo "1904"]
[Annotator "NA"]
[PlyCount "48"]
[EventDate "2019.08.17"]
[EventType "swiss"]
[EventCountry "FRA"]
[SourceTitle "playchess.com"]
[Source "ChessBase"]
[SourceQuality "1"]
[TimeControl "40/5400+30:1800+30"]

1. e4 c5 2. Nf3 Nc6 3. d4 cxd4 4. Nxd4 Qc7 5. Nc3 e6 6. Be3 Nf6 7. Bd3 a6 8. Nxc6 Qxc6 9. O-O Bb4 10. e5 Bxc3 11. bxc3 Nd5 12. Bd2 f5 13. c4 Ne7 14. Bb4 Ng6 15. Qh5 b6 16. Bd6 Bb7 17. Qg5 Kf7 18. f3 Rhe8 19. Rab1 Nxe5 20. c5 b5 21. Be4 fxe4 22. Bxe5 Rg8 23. fxe4+ Ke8 24. Bd6 Qxe4 1-0

[Event "94th FRA-ch Veterans 2019"]
[Site "Chartres"]
[Date "2019.08.19"]
[Round "3.6"]
[White "Flachet, Thierry"]
[Black "Dziedziczak, Vincent"]
[Result "1-0"]
[ECO "B54"]
[WhiteElo "2036"]
[BlackElo "1880"]
[Annotator "NA"]
[PlyCount "59"]
[EventDate "2019.08.17"]
[EventType "swiss"]
[EventCountry "FRA"]
[SourceTitle "playchess.com"]
[Source "ChessBase"]
[SourceQuality "1"]
[TimeControl "40/5400+30:1800+30"]

1. Nf3 Nf6 2. c4 c5 3. d4 cxd4 4. Nxd4 Nc6 5. Nc3 d6 6. e4 e6 7. Be2 Be7 8. O-O O-O 9. Be3 Nxd4 10. Qxd4 Bd7 11. Rfd1 Bc6 12. b4 Qb6 13. b5 Qxd4 14. Bxd4 Bd7 15. f4 Rfd8 16. a4 a5 17. Bb6 Rdc8 18. e5 Ne8 19. Ne4 d5 20. cxd5 exd5 21. Rxd5 Be6 22. Rd4 Bb4 23. g4 Rc2 24. Bd3 Ra2 25. Rxa2 Bxa2 26. Bc4 Bb1 27. Ng5 Rc8 28. Bxf7+ Kf8 29. Rd7 Be7 30. Bd5 1-0

[Event "94th FRA-ch Veterans 2019"]
[Site "Chartres"]
[Date "2019.08.20"]
[Round "4.1"]
[White "Lucas, Jean-Christian"]
[Black "Vareille, Francois"]
[Result "1/2-1/2"]
[ECO "A03"]
[WhiteElo "2018"]
[BlackElo "2423"]
[Annotator "NA"]
[PlyCount "103"]
[EventDate "2019.08.17"]
[EventType "swiss"]
[EventCountry "FRA"]
[SourceTitle "playchess.com"]
[Source "ChessBase"]
[SourceQuality "1"]
[TimeControl "40/5400+30:1800+30"]

1. f4 Nf6 2. Nf3 g6 3. g3 Bg7 4. Bg2 O-O 5. O-O d5 6. d3 d4 7. e4 dxe3 8. c3 Nd5 9. Qe2 c5 10. Na3 Nc6 11. Nc4 b6 12. Nfe5 Bb7 13. Bxe3 Nxe5 14. Nxe5 Qc7 15. Bf2 g5 16. Qg4 gxf4 17. gxf4 Kh8 18. Qf3 Rab8 19. Bg3 e6 20. Rae1 Ne7 21. Qh5 Bxg2 22. Kxg2 Nf5 23. Qe2 Rbd8 24. Rf3 Rg8 25. Kf2 Rd5 26. Nc4 Rgd8 27. Rd1 Qd7 28. Ne3 Nxg3 29. Rxg3 Rxd3 30. Rxd3 Qxd3 31. Qxd3 Rxd3 32. Ke2 Rd7 33. Ng4 Rd5 34. Ne3 Rh5 35. h3 Kg8 36. Kf3 Kf8 37. Ke4 f5+ 38. Kd3 Rh6 39. Ng2 Rg6 40. Rxg6 hxg6 41. Kc4 Bf6 42. a4 a6 43. a5 Bd8 44. axb6 Bxb6 45. Ne1 Ke7 46. Nd3 Kf6 47. h4 a5 48. b3 Bc7 49. Kxc5 e5 50. fxe5+ Bxe5 51. c4 f4 52. Kd5 1/2-1/2

[Event "94th FRA-ch Veterans 2019"]
[Site "Chartres"]
[Date "2019.08.20"]
[Round "4.2"]
[White "Goldenberg, Richard"]
[Black "Basic, Bosko"]
[Result "1/2-1/2"]
[ECO "A14"]
[WhiteElo "2219"]
[BlackElo "1986"]
[Annotator "NA"]
[PlyCount "70"]
[EventDate "2019.08.17"]
[EventType "swiss"]
[EventCountry "FRA"]
[SourceTitle "playchess.com"]
[Source "ChessBase"]
[SourceQuality "1"]
[TimeControl "40/5400+30:1800+30"]

1. c4 e6 2. Nf3 Nf6 3. b3 b6 4. g3 Bb7 5. Bg2 d5 6. Bb2 Nbd7 7. O-O Be7 8. Nc3 O-O 9. e3 Nc5 10. d4 Nce4 11. Rc1 Nxc3 12. Rxc3 Ne4 13. Rc2 Bf6 14. Nd2 c5 15. Nxe4 dxe4 16. Rd2 Qc7 17. Qc2 cxd4 18. exd4 Bg5 19. Re2 f5 20. f3 exf3 21. Bxf3 Bxf3 22. Rxf3 Qc6 23. Qd3 Rad8 24. Rf1 Bf6 25. Qe3 Rfe8 26. Rfe1 Qd7 27. Rd1 Qc6 28. Rde1 Qd7 29. Rd1 Qc6 30. a4 h6 31. Rde1 Qd7 32. Rd1 Qc6 33. Rde1 Qd7 34. Rd1 Qc6 35. Rde1 Qd7 1/2-1/2

[Event "94th FRA-ch Veterans 2019"]
[Site "Chartres"]
[Date "2019.08.20"]
[Round "4.3"]
[White "Salvaing, Jean-Louis"]
[Black "Dussol, Pierre"]
[Result "0-1"]
[ECO "D01"]
[WhiteElo "1878"]
[BlackElo "2102"]
[Annotator "NA"]
[PlyCount "84"]
[EventDate "2019.08.17"]
[EventType "swiss"]
[EventCountry "FRA"]
[SourceTitle "playchess.com"]
[Source "ChessBase"]
[SourceQuality "1"]
[TimeControl "40/5400+30:1800+30"]

1. d4 Nf6 2. Nc3 d5 3. Bg5 Nbd7 4. Nf3 e6 5. a3 Be7 6. e3 O-O 7. Bd3 b6 8. O-O Bb7 9. Re1 Ne4 10. Bxe7 Qxe7 11. Ne2 c5 12. c3 Rad8 13. Ng3 Bc6 14. Qc2 f5 15. c4 Rc8 16. b3 Bb7 17. Qb2 g6 18. Rac1 Ng5 19. Nxg5 Qxg5 20. cxd5 exd5 21. Bf1 f4 22. exf4 Rxf4 23. dxc5 bxc5 24. Qe2 Rf7 25. Qb5 Bc6 26. Qa6 Qd8 27. Re6 Nb8 28. Qd3 Bb7 29. Rce1 Qf8 30. f3 Nc6 31. R6e3 Rd7 32. Qd2 a6 33. Bd3 Qf6 34. Re6 Qd4+ 35. Qe3 Qxe3+ 36. R6xe3 Kf7 37. Kf2 Nd4 38. Bb1 a5 39. Nf1 Ba6 40. Nd2 a4 41. bxa4 Rb8 42. Rc3 Rb2 0-1

[Event "94th FRA-ch Veterans 2019"]
[Site "Chartres"]
[Date "2019.08.20"]
[Round "4.4"]
[White "Dubois, Herve"]
[Black "Flachet, Thierry"]
[Result "1/2-1/2"]
[ECO "A12"]
[WhiteElo "1806"]
[BlackElo "2036"]
[Annotator "NA"]
[PlyCount "69"]
[EventDate "2019.08.17"]
[EventType "swiss"]
[EventCountry "FRA"]
[SourceTitle "playchess.com"]
[Source "ChessBase"]
[SourceQuality "1"]
[TimeControl "40/5400+30:1800+30"]

1. c4 c6 2. Nf3 d5 3. g3 Nf6 4. Bg2 Bf5 5. b3 h6 6. Bb2 e6 7. d3 Be7 8. Nbd2 O-O 9. O-O Nbd7 10. Re1 Bh7 11. Ne5 a5 12. Ndf3 Nc5 13. Qc1 Nfd7 14. Nxd7 Qxd7 15. Bd4 b6 16. cxd5 cxd5 17. Qb2 f6 18. Bh3 Qd6 19. Bxc5 bxc5 20. e4 e5 21. Nh4 Rad8 22. Qe2 Kh8 23. Nf5 Qc7 24. Rac1 Rf7 25. Nh4 dxe4 26. dxe4 Rd4 27. Be6 Rf8 28. Nf5 Bxf5 29. Bxf5 Bd6 30. Qg4 Qf7 31. Be6 Qe8 32. Bd7 Qf7 33. Be6 Qe8 34. Bd7 Qf7 35. Be6 1/2-1/2

[Event "94th FRA-ch Veterans 2019"]
[Site "Chartres"]
[Date "2019.08.20"]
[Round "4.5"]
[White "Guilbert, Jean-Louis"]
[Black "Large, Laurent"]
[Result "0-1"]
[ECO "A68"]
[WhiteElo "1852"]
[BlackElo "2183"]
[Annotator "NA"]
[PlyCount "88"]
[EventDate "2019.08.17"]
[EventType "swiss"]
[EventCountry "FRA"]
[SourceTitle "playchess.com"]
[Source "ChessBase"]
[SourceQuality "1"]
[TimeControl "40/5400+30:1800+30"]

1. d4 Nf6 2. c4 g6 3. Nc3 Bg7 4. e4 d6 5. f4 c5 6. d5 O-O 7. Nf3 e6 8. Bd3 exd5 9. cxd5 a6 10. a4 Bg4 11. O-O Nbd7 12. h3 Bxf3 13. Qxf3 Ne8 14. Re1 Rb8 15. Qg3 Qc7 16. a5 Nef6 17. Bd2 Rfe8 18. Nd1 Nh5 19. Qf3 c4 20. Bc2 Nc5 21. g4 Nf6 22. Bc3 Qe7 23. Nf2 Nfd7 24. Bxg7 Kxg7 25. Qc3+ Qf6 26. Qxf6+ Nxf6 27. Rad1 b6 28. Rd4 bxa5 29. Rxc4 Nxd5 30. e5 Rxb2 31. Kf1 Rb4 32. Rxb4 axb4 33. exd6 Rd8 34. Ne4 Nxe4 35. Rxe4 Rxd6 36. Bb3 a5 37. Ke1 Nc3 38. Re7 Rf6 39. f5 a4 40. Be6 Kf8 41. Rb7 fxe6 42. Rxb4 exf5 43. Rc4 Re6+ 44. Kf1 Re3 0-1